 Dungeon Crawl Stone Soup version 0.31-a0-182-gc5ef74bbde (webtiles) character file.

Game seed: 1563966496301168465

63624 qw the Severer (level 15, -2/96 HPs)
             Began as a Gargoyle Fighter on June 21, 2023.
             Was a High Priest of Okawaru.
             Slain by a skeletal warrior
             ... wielding a +4 long sword
              (4 damage)
             ... on level 14 of the Dungeon.
             The game lasted 00:11:06 (19570 turns).

qw the Severer (Gargoyle Fighter)                  Turns: 19570, Time: 00:11:07

Health: -2/96      AC: 44    Str: 32    XL:     15   Next: 10%
Magic:  22/22      EV: 19    Int: 10    God:    Okawaru [*****.]
Gold:   777        SH:  7    Dex: 12    Spells: 14/14 levels left

rFire   + + .        Y - +1 broad axe
rCold   x . .        c - +0 buckler
rNeg    + . .        w - +7 fire dragon scales of the Other Side {rF++ rC- Dex+3 Slay+3}
rPois   inf          a - +2 helmet
rElec   +            r - +1 cloak {rPois}
rCorr   .            s - +2 pair of gloves
SInv    .            g - +1 pair of boots
Will    +....        (no amulet)
Stlth   +            l - +5 ring of evasion
HPRegen 0.36/turn    p - +6 ring of strength
MPRegen 0.18/turn

%: no passive effects
@: about to teleport, heroic, flying
A: sickness immunity, AC +11, big wings, negative energy resistance 1,
electricity resistance, torment resistance 1, petrification resistance
a: Renounce Religion, Heroism, Finesse, Duel


You were on level 14 of the Dungeon.
You worshipped Okawaru.
Okawaru was extremely pleased with you.
You visited 2 branches of the dungeon, and saw 19 of its levels.

You collected 1466 gold pieces.
You spent 689 gold pieces at shops.


Innate Abilities, Weirdness & Mutations

You are immune to sickness and miasma.
Your stone body is resilient. (AC +11)
You are immune to poison.
Your large and strong wings let you fly.
You resist negative energy. (rN+)
You are resistant to electric shocks. (rElec)
You are resistant to unholy torment.
You are immune to petrification.


   Skills:
 - Level 12.0(17.0) Fighting
 + Level 16.8(21.8) Axes
 - Level 5.2(10.2) Throwing
 - Level 10.0(15.0) Armour
 - Level 4.1(9.1) Dodging
 - Level 8.0(13.0) Shields
 - Level 10.0 Invocations


You had 14 spell levels left.
You didn't know any spells.
Your spell library was empty.

Inventory:

Hand Weapons
 t - a +0 morningstar
 Y - a +1 broad axe (weapon)
Missiles
 x - 7 boomerangs
 z - 3 silver boomerangs
 B - a javelin (quivered)
Armour
 a - a +2 helmet (worn)
 c - a +0 buckler (worn)
 g - a +1 pair of boots (worn)
 o - a +0 plate armour
 r - a +1 cloak of poison resistance (worn)
 s - a +2 pair of gloves (worn)
 w - the +7 fire dragon scales of the Other Side (worn) {rF++ rC- Dex+3 Slay+3}
   (Okawaru gifted it to you on level 2 of the Lair of Beasts)

   Dex:       It affects your dexterity (+3).
   Slay:      It affects your accuracy & damage with ranged weapons and melee
   (+3).
   rF:        It greatly protects you from fire.
   rC:        It makes you vulnerable to cold.
Jewellery
 h - an amulet of guardian spirit
 k - a ring of ice
 l - a +5 ring of evasion (left hand)
 p - a +6 ring of strength (right hand)
 q - a ring of resist corrosion
 v - a ring of protection from cold
 y - a ring of resist corrosion
Scrolls
 m - 11 scrolls of identify
 u - 3 scrolls of teleportation
Potions
 b - 4 potions of heal wounds
 d - 4 potions of might
 e - 2 potions of cancellation
 f - 4 potions of lignification
 i - 7 potions of curing
 j - a potion of attraction
 n - 3 potions of enlightenment
 A - a potion of resistance

Dungeon Overview and Level Annotations

Branches:
Dungeon (14/15)            Temple (0/1) D:7            Lair (5/5) D:11
  Swamp (0/4) Lair:3        Snake (0/4) Lair:3        Slime (0/5) Lair:4
    Orc (0/2) D:12         Vaults (0/5) D:13

Altars:
Ashenzari
Cheibriados
Dithmenos
Gozag
Kikubaaqudgha
Makhleb
Okawaru
Ru
Uskayaw
Wu Jian
Xom
Yredelemnul
Zin
Jiyva

Shops:
D:4 :?   D:10 *?

Portals:
Trove: D:13 (show slimy rune of Zot)

Annotations:
D:4 1 runed translucent door, Crazy Yiuf
Lair:5 3 runed translucent doors, qw's ghost, journeyman MiHu


Message History

The skeletal warrior is severely damaged.
You hit the freezing wraith but do no damage.
You barely miss the skeletal warrior. You hit the skeletal warrior.
You barely miss the death knight. You slice the skeletal warrior!!
The skeletal warrior is almost destroyed.
You slash the freezing wraith!
You completely miss the skeletal warrior.
You slice the skeletal warrior!! You hit the death knight.
The death knight reflects your damage back at you!
The skeletal warrior completely misses you.
You block the skeletal warrior's attack.
The death knight hits you but does no damage.
The skeletal warrior closely misses you.
You slash the skeletal warrior!
You destroy the skeletal warrior!
Okawaru accepts your kill.
You hit the skeletal warrior but do no damage.
You slash the skeletal warrior!
You destroy the skeletal warrior!
Okawaru accepts your kill.
You hit the death knight. You hit the freezing wraith.
You hit the freezing wraith but do no damage.
The death knight reflects your damage back at you!
The freezing wraith completely misses you.
The freezing wraith barely misses you. The freezing wraith closely misses you.
The freezing wraith misses you. You block the death knight's attack.
The skeletal warrior closely misses you.
You slash the freezing wraith!
The freezing wraith is almost destroyed.
You barely miss the skeletal warrior. You slice the death knight!!
You slash the freezing wraith!
The death knight reflects your damage back at you!
19570 ||| READING 4 scrolls of teleportation.
As you read the scroll of teleportation, it crumbles to dust.
You feel strangely unstable.
The death knight hits you with a +4 morningstar of protection!!
The freezing wraith misses you. x2
The skeletal warrior hits you with a +4 long sword.
You die...

.#.....##
........##
<.:......#
.........#
.........#
.........#
......W)p#
......W@<#
......z)##
.#.....##
######


You could see a death knight (reflects damage), a skeletal warrior and 2
freezing wraiths.

Vanquished Creatures
  Josephine (Lair:4)
  An ogre mage (D:13)
  Erolcha (D:9)
  A merfolk avatar (Lair:5)
  2 centaur warriors
  4 boulder beetles
  5 death yaks (Lair:4)
  4 two-headed ogres
  Sonja (D:10)
  Nergalle (Lair:3)
  3 skeletal warriors (D:14)
  A skyshark (Lair:1)
  2 sea snakes (Lair:5)
  2 bog bodies (Lair:3)
  Pikel (D:7)
  A lindwurm (Lair:5)
  2 harpies (Lair:5)
  A phantasmal warrior (D:14)
  A manticore (D:13)
  3 cyclopes
  17 elephants
  Maurice (D:9)
  A torpor snail (Lair:4)
  Joseph (D:7)
  4 black mambas
  A gargoyle (D:11)
  9 rime drakes
  9 cane toads
  Psyche (D:9)
  8 komodo dragons
  2 trolls
  A wind drake (Lair:5)
  23 blink frogs
  A blink frog (shapeshifter) (D:13)
  A snapping turtle (Lair:5)
  6 slime creatures (D:13)
  A jumping spider (shapeshifter) (D:13)
  3 shadows
  7 wraiths
  4 wyverns
  4 basilisks
  3 steam dragons
  59 yaks
  6 vampire mosquitoes
  A swamp worm (Lair:3)
  2 nagas (Lair:3)
  3 acid dragons
  14 water moccasins
  6 black bears
  7 orc warriors
  4 ice beasts
  23 wolves
  11 centaurs
  A lemure (D:7)
  2 kobold brigands
  15 bullfrogs
  A scorpion (D:5)
  3 wights (D:8)
  6 killer bees (D:10)
  2 howler monkeys (D:10)
  An electric eel (Lair:3)
  A gnoll bouda (D:5)
  8 hounds
  17 jellies
  5 orc priests
  2 iguanas
  4 sleepcaps
  13 orc wizards
  3 gnolls (D:5)
  10 adders
  2 shadow imps
  An ufetubus (D:5)
  5 worms
  3 dart slugs
  46 orcs
  5 endoplasms
  3 giant cockroaches
  6 goblins
  9 hobgoblins
  3 jackals
  4 quokkas
  6 ball pythons
  3 bats
  4 frilled lizards
  15 kobolds
  7 rats
  A spectral orc (D:11)
499 creatures vanquished.

Notes
Turn   | Place    | Note
-------+----------+-------------------------------------------
     0 | D:1      | qw the Gargoyle Fighter began the quest for the Orb.
     0 | D:1      | Reached XP level 1. HP: 14/14 MP: 1/1
     0 | D:1      | 0 ||| qw: Version: 0.3-a-9-g12657ce
     0 | D:1      | 0 ||| qw: Game counter: 1643
     0 | D:1      | 0 ||| qw: Always use a shield: true
     0 | D:1      | 0 ||| qw: God list: Okawaru
     0 | D:1      | 0 ||| qw: Allow faded altars: false
     0 | D:1      | 0 ||| qw: Do Orc after D:15 true
     0 | D:1      | 0 ||| qw: Do second Lair branch before Depths: true
     0 | D:1      | 0 ||| qw: Lair rune preference: random
     0 | D:1      | 0 ||| qw: Plans: Normal, Zot:1-4, Slime:5, God:TSO, Crypt,
                  | Tomb, Abyss, Pan, Hells, Win
     0 | D:1      | 0 ||| PLANNING D:1-11
    90 | D:1      | Found a faded altar of an unknown god.
   104 | D:1      | 104 ||| Stepping ~*~*~tactically~*~*~ (hiding).
   110 | D:1      | Reached skill level 2 in Axes
   158 | D:1      | Reached XP level 2. HP: 12/19 MP: 2/2
   168 | D:1      | 168 ||| FLEEEEING.
   169 | D:1      | 169 ||| FLEEEEING.
   271 | D:1      | 271 ||| Stepping ~*~*~tactically~*~*~ (stealth).
   272 | D:1      | 272 ||| Stepping ~*~*~tactically~*~*~ (stealth).
   825 | D:1      | Reached skill level 3 in Axes
   943 | D:1      | 943 ||| READING scroll labelled WAACIN UHAPANN.
   944 | D:1      | 944 ||| READING scroll labelled URANIRHI LUEME.
   947 | D:1      | 947 ||| READING scroll labelled ULEYTO SUAKOG.
  1003 | D:2      | Reached XP level 3. HP: 14/23 MP: 3/3
  1364 | D:2      | 1364 ||| Stepping ~*~*~tactically~*~*~ (stealth).
  1366 | D:2      | 1366 ||| Stepping ~*~*~tactically~*~*~ (stealth).
  1448 | D:2      | Reached XP level 4. HP: 23/28 MP: 4/4
  1589 | D:2      | Reached skill level 4 in Axes
  1683 | D:2      | 1683 ||| DROPPING +0 whip.
  1710 | D:2      | 1710 ||| UPGRADING to +0 helmet.
  1715 | D:2      | 1715 ||| UPGRADING to +0 chain mail.
  1725 | D:2      | 1725 ||| DROPPING +0 scale mail.
  1726 | D:2      | 1726 ||| READING scroll labelled GYNEGIMMOR.
  1727 | D:2      | 1727 ||| DRINKING 2 smoky clear potions.
  1728 | D:2      | 1728 ||| DROPPING potion of brilliance.
  1762 | D:3      | 1762 ||| Stepping ~*~*~tactically~*~*~ (stealth).
  1764 | D:3      | 1764 ||| Stepping ~*~*~tactically~*~*~ (stealth).
  1765 | D:3      | 1765 ||| Stepping ~*~*~tactically~*~*~ (stealth).
  1974 | D:3      | Found a shimmering altar of Xom.
  2235 | D:3      | 2235 ||| Stepping ~*~*~tactically~*~*~ (hiding).
  2236 | D:3      | 2236 ||| Stepping ~*~*~tactically~*~*~ (hiding).
  2237 | D:3      | 2237 ||| Stepping ~*~*~tactically~*~*~ (hiding).
  2238 | D:3      | 2238 ||| Stepping ~*~*~tactically~*~*~ (hiding).
  2420 | D:3      | Found a glowing silver altar of Zin.
  2420 | D:3      | Noticed an angel
  2423 | D:3      | 2423 ||| UPGRADING to +5 ring of evasion.
  2424 | D:3      | 2424 ||| READING scroll labelled PEPPACZ XISS.
  2425 | D:3      | 2425 ||| READING scroll labelled UPEMORGHODI.
  2426 | D:3      | 2426 ||| READING scroll labelled MUSCHI HUJA.
  2427 | D:3      | 2427 ||| DRINKING 2 red potions.
  2440 | D:4      | Found Poumm's Book Boutique.
  2469 | D:4      | Reached XP level 5. HP: 32/32 MP: 5/5
  2486 | D:4      | Found a shadowy altar of Dithmenos.
  2567 | D:4      | Found Hofref's Magic Scroll Boutique.
  2575 | D:4      | 2575 ||| BUYING scroll of enchant weapon (82 gold).
  2575 | D:4      | Bought a scroll of enchant weapon for 82 gold pieces
  2575 | D:4      | 2575 ||| BUYING scroll of identify (22 gold).
  2575 | D:4      | Bought a scroll of identify for 22 gold pieces
  2575 | D:4      | 2575 ||| BUYING scroll of identify (22 gold).
  2575 | D:4      | Bought a scroll of identify for 22 gold pieces
  2575 | D:4      | 2575 ||| READING scroll of enchant weapon.
  2575 | D:4      | 2575 ||| ENCHANTING +0 war axe.
  2675 | D:4      | Reached skill level 5 in Axes
  2774 | D:4      | Found a runed translucent door.
  2775 | D:4      | Noticed Crazy Yiuf
  2988 | D:4      | 2988 ||| UPGRADING to +0 pair of boots.
  2993 | D:4      | 2993 ||| READING scroll labelled LOPTAB OWNERIY.
  2994 | D:4      | 2994 ||| READING 3 scrolls of identify.
  2994 | D:4      | 2994 ||| IDENTIFYING golden potion
  2995 | D:4      | 2995 ||| READING 2 scrolls of identify.
  2995 | D:4      | 2995 ||| IDENTIFYING murky puce potion
  2996 | D:4      | 2996 ||| DROPPING potion of invisibility.
  3034 | D:5      | Entered Level 5 of the Dungeon
  3042 | D:5      | 3042 ||| STAIRDANCE
  3268 | D:5      | Reached XP level 6. HP: 34/39 MP: 6/6
  3720 | D:5      | 3720 ||| Stepping ~*~*~tactically~*~*~ (stealth).
  3722 | D:5      | 3722 ||| Stepping ~*~*~tactically~*~*~ (hiding).
  3723 | D:5      | 3723 ||| Stepping ~*~*~tactically~*~*~ (hiding).
  3724 | D:5      | 3724 ||| Stepping ~*~*~tactically~*~*~ (hiding).
  3726 | D:5      | 3726 ||| Stepping ~*~*~tactically~*~*~ (hiding).
  3740 | D:5      | HP: 7/39 [gnoll bouda/+0 whip (5)]
  3741 | D:5      | 3741 ||| READING scroll of teleportation.
  3937 | D:5      | 3937 ||| Stepping ~*~*~tactically~*~*~ (stealth).
  3982 | D:5      | Noticed an ice beast
  3994 | D:5      | Killed an ice beast
  3995 | D:5      | Reached skill level 6 in Axes
  3995 | D:5      | Reached XP level 7. HP: 32/44 MP: 7/7
  4067 | D:5      | Found an ancient bone altar of Kikubaaqudgha.
  4223 | D:5      | Identified the +0 robe of an ossuary {Drain rElec rN+++
                  | Str-5}
  4317 | D:5      | 4317 ||| Stepping ~*~*~tactically~*~*~ (stealth).
  4487 | D:5      | Reached skill level 7 in Axes
  4535 | D:5      | 4535 ||| Stepping ~*~*~tactically~*~*~ (stealth).
  4558 | D:5      | Reached XP level 8. HP: 25/49 MP: 8/8
  4700 | D:5      | 4700 ||| Stepping ~*~*~tactically~*~*~ (stealth).
  4872 | D:5      | 4872 ||| Stepping ~*~*~tactically~*~*~ (stealth).
  4879 | D:5      | 4879 ||| DRINKING 2 potions of curing.
  4879 | D:5      | 4879 ||| (to cure confusion)
  5082 | D:6      | Noticed a shadow
  5095 | D:6      | Killed a shadow
  5096 | D:6      | Reached skill level 8 in Axes
  5376 | D:6      | 5376 ||| Stepping ~*~*~tactically~*~*~ (stealth).
  5424 | D:6      | Found a burning altar of Makhleb.
  5424 | D:6      | Found a broken altar of Ashenzari.
  5445 | D:6      | Found an iron altar of Okawaru.
  5446 | D:6      | 5446 ||| PLANNING OKAWARU WORSHIP
  5446 | D:6      | 5446 ||| READING 3 scrolls of identify.
  5446 | D:6      | 5446 ||| IDENTIFYING inky potion
  5454 | D:6      | Became a worshipper of Warmaster Okawaru
  5455 | D:6      | 5455 ||| PLANNING D:1-11
  5539 | D:6      | Reached skill level 6 in Fighting
  5649 | D:6      | 5649 ||| READING 2 scrolls of identify.
  5649 | D:6      | 5649 ||| IDENTIFYING bubbling black potion
  5685 | D:7      | 5685 ||| Stepping ~*~*~tactically~*~*~ (hiding).
  5692 | D:7      | Reached XP level 9. HP: 56/56 MP: 9/9
  5861 | D:7      | 5861 ||| FLEEEEING.
  5862 | D:7      | 5862 ||| FLEEEEING.
  5863 | D:7      | 5863 ||| FLEEEEING.
  5864 | D:7      | 5864 ||| FLEEEEING.
  5865 | D:7      | 5865 ||| FLEEEEING.
  5869 | D:7      | 5869 ||| FLEEEEING.
  5871 | D:7      | 5871 ||| FLEEEEING.
  5872 | D:7      | 5872 ||| FLEEEEING.
  5873 | D:7      | 5873 ||| FLEEEEING.
  5874 | D:7      | 5874 ||| FLEEEEING.
  5875 | D:7      | 5875 ||| FLEEEEING.
  5879 | D:7      | 5879 ||| FLEEEEING.
  5880 | D:7      | 5880 ||| FLEEEEING.
  5881 | D:7      | 5881 ||| FLEEEEING.
  5882 | D:7      | 5882 ||| FLEEEEING.
  5883 | D:7      | 5883 ||| FLEEEEING.
  5884 | D:7      | 5884 ||| FLEEEEING.
  5885 | D:7      | 5885 ||| FLEEEEING.
  5886 | D:7      | 5886 ||| FLEEEEING.
  5890 | D:7      | 5890 ||| FLEEEEING.
  5891 | D:7      | 5891 ||| FLEEEEING.
  5907 | D:7      | Reached skill level 9 in Axes
  6049 | D:7      | Noticed Joseph
  6051 | D:7      | 6051 ||| Stepping ~*~*~tactically~*~*~ (hiding).
  6069 | D:7      | Killed Joseph
  6069 | D:7      | Reached * piety under Okawaru
  6210 | D:7      | 6210 ||| Stepping ~*~*~tactically~*~*~ (cloud).
  6216 | D:7      | Noticed Pikel
  6217 | D:7      | 6217 ||| INVOKING Heroism.
  6219 | D:7      | 6219 ||| Stepping ~*~*~tactically~*~*~ (stealth).
  6223 | D:7      | 6223 ||| Stepping ~*~*~tactically~*~*~ (stealth).
  6226 | D:7      | 6226 ||| Stepping ~*~*~tactically~*~*~ (stealth).
  6227 | D:7      | 6227 ||| INVOKING Heroism.
  6236 | D:7      | Killed Pikel
  6239 | D:7      | 6239 ||| INVOKING Heroism.
  6242 | D:7      | Reached skill level 3 in Invocations
  6384 | D:7      | 6384 ||| INVOKING Heroism.
  6425 | D:7      | Found a staircase to the Ecumenical Temple.
  6426 | D:7      | 6426 ||| INVOKING Heroism.
  6447 | D:7      | 6447 ||| DROPPING +0 flail.
  6480 | D:7      | 6480 ||| INVOKING Heroism.
  6488 | D:7      | HP: 13/57 [shadow (3)]
  6489 | D:7      | 6489 ||| READING scroll of teleportation.
  6491 | D:7      | 6491 ||| DRINKING potion of heal wounds.
  6681 | D:7      | 6681 ||| Stepping ~*~*~tactically~*~*~ (hiding).
  6682 | D:7      | 6682 ||| Stepping ~*~*~tactically~*~*~ (hiding).
  6683 | D:7      | 6683 ||| Stepping ~*~*~tactically~*~*~ (hiding).
  6689 | D:7      | 6689 ||| INVOKING Heroism.
  7080 | D:8      | Found a snail-covered altar of Cheibriados.
  7082 | D:8      | 7082 ||| Stepping ~*~*~tactically~*~*~ (hiding).
  7084 | D:8      | 7084 ||| Stepping ~*~*~tactically~*~*~ (hiding).
  7087 | D:8      | 7087 ||| INVOKING Heroism.
  7098 | D:8      | Reached XP level 10. HP: 46/63 MP: 1/13
  7238 | D:8      | Reached skill level 1 in Throwing
  7292 | D:8      | 7292 ||| READING scroll of enchant armour.
  7292 | D:8      | 7292 ||| ENCHANTING +0 helmet.
  7406 | D:8      | 7406 ||| INVOKING Heroism.
  7577 | D:8      | Reached skill level 10 in Axes
  7871 | D:8      | 7871 ||| UPGRADING to +0 plate armour.
  7881 | D:8      | 7881 ||| DROPPING +0 chain mail.
  7908 | D:9      | 7908 ||| Stepping ~*~*~tactically~*~*~ (stealth).
  7909 | D:9      | 7909 ||| Stepping ~*~*~tactically~*~*~ (stealth).
  7925 | D:9      | 7925 ||| INVOKING Heroism.
  7934 | D:9      | Reached skill level 6 in Armour
  7946 | D:9      | Reached ** piety under Okawaru
  8006 | D:9      | 8006 ||| Stepping ~*~*~tactically~*~*~ (stealth).
  8037 | D:9      | Noticed Maurice
  8038 | D:9      | 8038 ||| Stepping ~*~*~tactically~*~*~ (hiding).
  8053 | D:9      | Noticed Psyche
  8054 | D:9      | 8054 ||| INVOKING Heroism.
  8066 | D:9      | Killed Psyche
  8073 | D:9      | 8073 ||| Stepping randomly (disturbance).
  8074 | D:9      | 8074 ||| Stepping randomly (disturbance).
  8075 | D:9      | 8075 ||| Stepping randomly (disturbance).
  8077 | D:9      | 8077 ||| FLEEEEING.
  8078 | D:9      | 8078 ||| FLEEEEING.
  8079 | D:9      | 8079 ||| FLEEEEING.
  8080 | D:9      | 8080 ||| FLEEEEING.
  8081 | D:9      | 8081 ||| FLEEEEING.
  8082 | D:9      | 8082 ||| INVOKING Heroism.
  8083 | D:9      | Paralysed by Maurice for 4 turns
  8089 | D:9      | 8089 ||| FLEEEEING.
  8090 | D:9      | 8090 ||| FLEEEEING.
  8091 | D:9      | 8091 ||| FLEEEEING.
  8092 | D:9      | 8092 ||| FLEEEEING.
  8093 | D:9      | 8093 ||| FLEEEEING.
  8094 | D:9      | 8094 ||| FLEEEEING.
  8095 | D:9      | 8095 ||| FLEEEEING.
  8097 | D:9      | 8097 ||| FLEEEEING.
  8098 | D:9      | 8098 ||| FLEEEEING.
  8099 | D:9      | 8099 ||| FLEEEEING.
  8100 | D:9      | 8100 ||| FLEEEEING.
  8101 | D:9      | 8101 ||| FLEEEEING.
  8102 | D:9      | 8102 ||| FLEEEEING.
  8103 | D:9      | 8103 ||| FLEEEEING.
  8104 | D:9      | 8104 ||| FLEEEEING.
  8106 | D:9      | 8106 ||| FLEEEEING.
  8107 | D:9      | 8107 ||| FLEEEEING.
  8108 | D:9      | 8108 ||| FLEEEEING.
  8113 | D:9      | 8113 ||| INVOKING Heroism.
  8116 | D:9      | Killed Maurice
  8152 | D:9      | 8152 ||| FLEEEEING.
  8165 | D:9      | 8165 ||| FLEEEEING.
  8212 | D:9      | 8212 ||| Stepping ~*~*~tactically~*~*~ (hiding).
  8213 | D:9      | 8213 ||| Stepping ~*~*~tactically~*~*~ (hiding).
  8228 | D:9      | 8228 ||| Stepping ~*~*~tactically~*~*~ (stealth).
  8230 | D:9      | 8230 ||| Stepping ~*~*~tactically~*~*~ (stealth).
  8274 | D:9      | Found an ornate altar of the Wu Jian Council.
  8324 | D:9      | Noticed Erolcha
  8325 | D:9      | 8325 ||| INVOKING Heroism.
  8334 | D:9      | Killed Erolcha
  8445 | D:9      | Reached skill level 11 in Axes
  8557 | D:9      | 8557 ||| INVOKING Heroism.
  8558 | D:9      | 8558 ||| Stepping ~*~*~tactically~*~*~ (cloud).
  8560 | D:9      | 8560 ||| Stepping ~*~*~tactically~*~*~ (cloud).
  8564 | D:9      | 8564 ||| Stepping ~*~*~tactically~*~*~ (cloud).
  8718 | D:9      | 8718 ||| Stepping ~*~*~tactically~*~*~ (stealth).
  8721 | D:9      | 8721 ||| Stepping ~*~*~tactically~*~*~ (hiding).
  8805 | D:9      | Found a sacrificial altar of Ru.
  8887 | D:9      | Found a hide-covered altar of Uskayaw.
  8898 | D:9      | 8898 ||| UPGRADING to +1 cloak of poison resistance.
  8903 | D:9      | 8903 ||| UPGRADING to ring of resist corrosion.
  8904 | D:9      | 8904 ||| READING scroll labelled WYNUTA VEYTT.
  8905 | D:9      | 8905 ||| READING scroll labelled VUHINK VEFIST.
  8906 | D:9      | 8906 ||| READING 5 scrolls of identify.
  8906 | D:9      | 8906 ||| IDENTIFYING sedimented grey potion
  8967 | D:10     | Entered Level 10 of the Dungeon
  8974 | D:10     | Found an opulent altar of Gozag.
  8982 | D:10     | Noticed Sonja
  8989 | D:10     | 8989 ||| Stepping ~*~*~tactically~*~*~ (hiding).
  8990 | D:10     | 8990 ||| Stepping ~*~*~tactically~*~*~ (hiding).
  8993 | D:10     | 8993 ||| Stepping ~*~*~tactically~*~*~ (hiding).
  8996 | D:10     | 8996 ||| Stepping ~*~*~tactically~*~*~ (hiding).
  8999 | D:10     | 8999 ||| Stepping ~*~*~tactically~*~*~ (hiding).
  9003 | D:10     | 9003 ||| Stepping ~*~*~tactically~*~*~ (hiding).
  9018 | D:10     | Killed Sonja
  9018 | D:10     | Reached *** piety under Okawaru
  9019 | D:10     | Reached XP level 11. HP: 57/69 MP: 14/14
  9050 | D:10     | 9050 ||| Stepping ~*~*~tactically~*~*~ (stealth).
  9091 | D:10     | Found Rogaotagi's Magic Scroll Shoppe.
  9100 | D:10     | 9100 ||| BUYING scroll of enchant armour (112 gold).
  9100 | D:10     | Bought a scroll of enchant armour for 112 gold pieces
  9100 | D:10     | 9100 ||| BUYING scroll of identify (30 gold).
  9100 | D:10     | Bought a scroll of identify for 30 gold pieces
  9100 | D:10     | 9100 ||| BUYING scroll of identify (30 gold).
  9100 | D:10     | Bought a scroll of identify for 30 gold pieces
  9100 | D:10     | 9100 ||| BUYING scroll of identify (30 gold).
  9100 | D:10     | Bought a scroll of identify for 30 gold pieces
  9100 | D:10     | 9100 ||| BUYING scroll of teleportation (45 gold).
  9100 | D:10     | Bought a scroll of teleportation for 45 gold pieces
  9100 | D:10     | 9100 ||| READING scroll of enchant armour.
  9100 | D:10     | 9100 ||| ENCHANTING +1 helmet.
  9136 | D:10     | 9136 ||| Stepping ~*~*~tactically~*~*~ (stealth).
  9138 | D:10     | 9138 ||| Stepping ~*~*~tactically~*~*~ (stealth).
  9157 | D:10     | Reached skill level 9 in Fighting
  9172 | D:10     | 9172 ||| INVOKING Heroism.
  9192 | D:10     | Reached **** piety under Okawaru
  9193 | D:10     | 9193 ||| FLEEEEING.
  9194 | D:10     | 9194 ||| FLEEEEING.
  9195 | D:10     | 9195 ||| FLEEEEING.
  9196 | D:10     | 9196 ||| FLEEEEING.
  9197 | D:10     | 9197 ||| FLEEEEING.
  9198 | D:10     | 9198 ||| FLEEEEING.
  9199 | D:10     | 9199 ||| FLEEEEING.
  9200 | D:10     | 9200 ||| FLEEEEING.
  9201 | D:10     | 9201 ||| STAIRDANCE
  9324 | D:10     | 9324 ||| STAIRDANCE
  9330 | D:9      | 9330 ||| INVOKING Heroism.
  9422 | D:10     | Found Xidon's Assorted Antiques.
  9431 | D:10     | 9431 ||| BUYING potion of curing (87 gold).
  9431 | D:10     | Bought a potion of curing for 87 gold pieces
  9431 | D:10     | 9431 ||| BUYING potion of enlightenment (145 gold).
  9431 | D:10     | Bought a potion of enlightenment for 145 gold pieces
  9431 | D:10     | 9431 ||| BUYING scroll of identify (58 gold).
  9431 | D:10     | Bought a scroll of identify for 58 gold pieces
  9431 | D:10     | 9431 ||| SHOPLISTING scroll of teleportation (87 gold, have
                  | 75).
  9431 | D:10     | 9431 ||| BUYING silvery potion (26 gold).
  9431 | D:10     | Bought a silvery potion for 26 gold pieces
  9466 | D:10     | Noticed a two-headed ogre
  9467 | D:10     | 9467 ||| INVOKING Heroism.
  9475 | D:10     | Killed a two-headed ogre
  9513 | D:10     | 9513 ||| Stepping ~*~*~tactically~*~*~ (stealth).
  9534 | D:10     | 9534 ||| INVOKING Heroism.
  9727 | D:10     | 9727 ||| Stepping ~*~*~tactically~*~*~ (stealth).
  9741 | D:10     | Reached skill level 12 in Axes
  9741 | D:10     | 9741 ||| INVOKING Heroism.
  9847 | D:10     | 9847 ||| READING 8 scrolls of identify.
  9847 | D:10     | 9847 ||| IDENTIFYING silvery potion
  9848 | D:10     | 9848 ||| DROPPING potion of ambrosia.
  9878 | D:11     | Found a basalt altar of Yredelemnul.
  9936 | D:11     | 9936 ||| Stepping ~*~*~tactically~*~*~ (stealth).
  9979 | D:11     | 9979 ||| INVOKING Heroism.
 10015 | D:11     | Noticed a centaur warrior
 10025 | D:11     | 10025 ||| INVOKING Heroism.
 10031 | D:11     | Killed a centaur warrior
 10032 | D:11     | Reached skill level 9 in Armour
 10032 | D:11     | Reached skill level 6 in Invocations
 10163 | D:11     | 10163 ||| Stepping ~*~*~tactically~*~*~ (stealth).
 10168 | D:11     | Noticed a cyclops
 10169 | D:11     | 10169 ||| INVOKING Heroism.
 10178 | D:11     | Killed a cyclops
 10198 | D:11     | 10198 ||| Stepping ~*~*~tactically~*~*~ (stealth).
 10221 | D:11     | 10221 ||| INVOKING Heroism.
 10231 | D:11     | Reached skill level 6 in Shields
 10266 | D:11     | Found a staircase to the Lair.
 10303 | D:11     | 10303 ||| DROPPING +2 mace of holy wrath.
 10304 | D:11     | 10304 ||| DROPPING +0 flail of protection.
 10446 | D:11     | Identified the +10 falchion of the End {pain, Fly Int-5
                  | Dex+6}
 10453 | D:11     | 10453 ||| INVOKING Heroism.
 10466 | D:11     | Reached XP level 12. HP: 75/76 MP: 15/17
 10618 | D:11     | 10618 ||| Stepping ~*~*~tactically~*~*~ (hiding).
 10621 | D:11     | 10621 ||| Stepping ~*~*~tactically~*~*~ (hiding).
 10707 | D:11     | 10707 ||| INVOKING Heroism.
 10922 | D:11     | 10922 ||| SWAPPING to +0 broad axe.
 10930 | D:11     | 10930 ||| DROPPING +1 war axe.
 11100 | D:11     | 11100 ||| PLANNING LAIR
 11100 | D:11     | 11100 ||| UPGRADING to ring of willpower.
 11126 | Lair:1   | Entered Level 1 of the Lair of Beasts
 11169 | Lair:1   | Noticed a skyshark
 11181 | Lair:1   | Killed a skyshark
 11181 | Lair:1   | Reached ***** piety under Okawaru
 11265 | Lair:1   | 11265 ||| Stepping ~*~*~tactically~*~*~ (hiding).
 11269 | Lair:1   | 11269 ||| Stepping ~*~*~tactically~*~*~ (hiding).
 11271 | Lair:1   | 11271 ||| INVOKING Heroism.
 11381 | Lair:1   | Found a frozen archway.
 11521 | Lair:1   | 11521 ||| INVOKING Heroism.
 11539 | Lair:1   | Reached skill level 9 in Invocations
 11603 | Lair:1   | 11603 ||| Stepping ~*~*~tactically~*~*~ (stealth).
 11630 | Lair:1   | 11630 ||| INVOKING Heroism.
 11660 | Lair:1   | 11660 ||| INVOKING Heroism.
 11756 | Lair:1   | 11756 ||| INVOKING Heroism.
 11765 | Lair:1   | Received a gift from Okawaru
 11895 | Lair:1   | Noticed a boulder beetle
 11896 | Lair:1   | 11896 ||| INVOKING Heroism.
 11897 | Lair:1   | 11897 ||| INVOKING Finesse.
 11914 | Lair:1   | Killed a boulder beetle
 12385 | Lair:1   | 12385 ||| UPGRADING to +1 pair of gloves.
 12390 | Lair:1   | 12390 ||| UPGRADING to +6 ring of strength.
 12392 | Lair:1   | 12392 ||| DROPPING ring of willpower.
 12393 | Lair:1   | 12393 ||| READING scroll labelled VIUDOO JIUSHEY.
 12393 | Lair:1   | Identified a scroll of acquirement
 12393 | Lair:1   | 12393 ||| ACQUIRING amulet of guardian spirit
 12393 | Lair:1   | Acquired an amulet of guardian spirit
 12450 | Lair:2   | 12450 ||| STAIRDANCE
 12538 | Lair:2   | 12538 ||| READING scroll of enchant weapon.
 12538 | Lair:2   | 12538 ||| ENCHANTING +0 broad axe.
 12570 | Lair:2   | 12570 ||| Stepping ~*~*~tactically~*~*~ (stealth).
 12584 | Lair:2   | Reached skill level 13 in Axes
 12588 | Lair:2   | 12588 ||| INVOKING Heroism.
 12768 | Lair:2   | 12768 ||| INVOKING Heroism.
 12770 | Lair:2   | 12770 ||| Stepping ~*~*~tactically~*~*~ (stealth).
 12793 | Lair:2   | Identified the +7 fire dragon scales of the Other Side
                  | {rF++ rC- Dex+3 Slay+3} (Okawaru gifted it to you on level
                  | 2 of the Lair of Beasts)
 12793 | Lair:2   | Received a gift from Okawaru
 12869 | Lair:2   | Reached XP level 13. HP: 76/82 MP: 20/20
 12965 | Lair:2   | 12965 ||| INVOKING Heroism.
 13162 | Lair:2   | 13162 ||| Stepping ~*~*~tactically~*~*~ (hiding).
 13449 | Lair:2   | 13449 ||| UPGRADING to +7 fire dragon scales of the Other
                  | Side {rF++ rC- Dex+3 Slay+3}.
 13459 | Lair:2   | 13459 ||| DRINKING 2 fuming brown potions.
 13564 | Lair:2   | 13564 ||| READING 9 scrolls of identify.
 13564 | Lair:2   | 13564 ||| IDENTIFYING cyan potion
 13565 | Lair:2   | 13565 ||| DROPPING potion of degeneration.
 13566 | Lair:2   | 13566 ||| DROPPING potion of berserk rage.
 13593 | Lair:3   | Found a staircase to the Snake Pit.
 13594 | Lair:3   | 13594 ||| Stepping ~*~*~tactically~*~*~ (hiding).
 13617 | Lair:3   | 13617 ||| Stepping ~*~*~tactically~*~*~ (stealth).
 13620 | Lair:3   | 13620 ||| INVOKING Heroism.
 13624 | Lair:3   | 13624 ||| Stepping ~*~*~tactically~*~*~ (stealth).
 13625 | Lair:3   | 13625 ||| Stepping ~*~*~tactically~*~*~ (stealth).
 13643 | Lair:3   | 13643 ||| Stepping ~*~*~tactically~*~*~ (stealth).
 13645 | Lair:3   | Reached skill level 3 in Dodging
 13705 | Lair:3   | Noticed Nergalle
 13706 | Lair:3   | 13706 ||| INVOKING Heroism.
 13715 | Lair:3   | Killed Nergalle
 13716 | Lair:3   | Reached skill level 3 in Throwing
 13863 | Lair:3   | You fall into a shaft and drop 2 floors!
 13863 | Lair:5   | Entered Level 5 of the Lair of Beasts
 13864 | Lair:5   | 13864 ||| Stepping ~*~*~tactically~*~*~ (hiding).
 13867 | Lair:5   | 13867 ||| Stepping ~*~*~tactically~*~*~ (hiding).
 13869 | Lair:5   | 13869 ||| Stepping ~*~*~tactically~*~*~ (hiding).
 13878 | Lair:5   | 13878 ||| INVOKING Heroism.
 13906 | Lair:5   | 13906 ||| INVOKING Heroism.
 13967 | Lair:5   | 13967 ||| INVOKING Heroism.
 14033 | Lair:5   | 14033 ||| Stepping ~*~*~tactically~*~*~ (stealth).
 14049 | Lair:5   | 14049 ||| Stepping ~*~*~tactically~*~*~ (stealth).
 14050 | Lair:5   | 14050 ||| Stepping ~*~*~tactically~*~*~ (stealth).
 14061 | Lair:5   | 14061 ||| DROPPING amulet of magic regeneration.
 14062 | Lair:5   | 14062 ||| Stepping ~*~*~tactically~*~*~ (stealth).
 14074 | Lair:5   | 14074 ||| Stepping ~*~*~tactically~*~*~ (stealth).
 14075 | Lair:5   | 14075 ||| Stepping ~*~*~tactically~*~*~ (stealth).
 14077 | Lair:5   | 14077 ||| Stepping ~*~*~tactically~*~*~ (stealth).
 14094 | Lair:5   | Reached skill level 14 in Axes
 14139 | Lair:4   | 14139 ||| Stepping ~*~*~tactically~*~*~ (stealth).
 14141 | Lair:4   | 14141 ||| Stepping ~*~*~tactically~*~*~ (stealth).
 14143 | Lair:4   | 14143 ||| Stepping ~*~*~tactically~*~*~ (stealth).
 14144 | Lair:4   | 14144 ||| Stepping ~*~*~tactically~*~*~ (stealth).
 14146 | Lair:4   | 14146 ||| Stepping ~*~*~tactically~*~*~ (stealth).
 14264 | Lair:4   | 14264 ||| Stepping ~*~*~tactically~*~*~ (hiding).
 14478 | Lair:4   | 14478 ||| READING 8 scrolls of identify.
 14478 | Lair:4   | 14478 ||| IDENTIFYING metallic blue potion
 14498 | Lair:4   | Noticed Josephine
 14513 | Lair:4   | Killed Josephine
 14550 | Lair:4   | 14550 ||| FLEEEEING.
 14551 | Lair:4   | 14551 ||| FLEEEEING.
 14552 | Lair:4   | 14552 ||| FLEEEEING.
 14553 | Lair:4   | 14553 ||| FLEEEEING.
 14823 | Lair:3   | 14823 ||| Stepping ~*~*~tactically~*~*~ (hiding).
 14827 | Lair:3   | 14827 ||| INVOKING Heroism.
 14852 | Lair:3   | 14852 ||| Stepping ~*~*~tactically~*~*~ (hiding).
 14854 | Lair:3   | 14854 ||| Stepping ~*~*~tactically~*~*~ (hiding).
 15009 | Lair:3   | 15009 ||| Stepping ~*~*~tactically~*~*~ (stealth).
 15011 | Lair:3   | 15011 ||| INVOKING Heroism.
 15106 | Lair:3   | Gained mutation: Your large and strong wings let you fly.
                  | [Gargoyle growth]
 15106 | Lair:3   | Reached XP level 14. HP: 89/90 MP: 21/21
 15543 | Lair:3   | Found a staircase to the Swamp.
 15610 | Lair:3   | 15610 ||| READING scroll labelled ECIEFF VAREUSSU.
 15824 | Lair:4   | Reached skill level 15 in Axes
 15905 | Lair:4   | Found a staircase to the Slime Pits.
 15906 | Lair:4   | Found a viscous altar of Jiyva.
 15914 | Lair:4   | Received a gift from Okawaru
 15920 | Lair:4   | 15920 ||| Stepping ~*~*~tactically~*~*~ (stealth).
 15970 | Lair:4   | 15970 ||| FLEEEEING.
 15972 | Lair:4   | 15972 ||| FLEEEEING.
 15974 | Lair:4   | 15974 ||| INVOKING Heroism.
 16009 | Lair:4   | 16009 ||| INVOKING Finesse.
 16031 | Lair:4   | Received a gift from Okawaru
 16147 | Lair:4   | 16147 ||| Stepping ~*~*~tactically~*~*~ (stealth).
 16472 | Lair:5   | Reached skill level 12 in Fighting
 16472 | Lair:5   | Received a gift from Okawaru
 16518 | Lair:5   | 16518 ||| Stepping ~*~*~tactically~*~*~ (stealth).
 16543 | Lair:5   | 16543 ||| Stepping ~*~*~tactically~*~*~ (stealth).
 16565 | Lair:5   | 16565 ||| Stepping ~*~*~tactically~*~*~ (hiding).
 16580 | Lair:5   | 16580 ||| Stepping ~*~*~tactically~*~*~ (stealth).
 16583 | Lair:5   | 16583 ||| Stepping ~*~*~tactically~*~*~ (hiding).
 16639 | Lair:5   | Identified the +4 dagger "Ymukeni" {protect, rElec Will+}
 16646 | Lair:5   | 16646 ||| Stepping ~*~*~tactically~*~*~ (stealth).
 16661 | Lair:5   | 16661 ||| Stepping ~*~*~tactically~*~*~ (hiding).
 16718 | Lair:5   | 16718 ||| Stepping ~*~*~tactically~*~*~ (stealth).
 16720 | Lair:5   | 16720 ||| Stepping ~*~*~tactically~*~*~ (stealth).
 16730 | Lair:5   | Received a gift from Okawaru
 16740 | Lair:5   | 16740 ||| READING scroll of enchant armour.
 16740 | Lair:5   | 16740 ||| ENCHANTING +1 pair of gloves.
 16757 | Lair:5   | 16757 ||| INVOKING Heroism.
 16758 | Lair:5   | 16758 ||| INVOKING Finesse.
 16798 | Lair:5   | 16798 ||| Stepping ~*~*~tactically~*~*~ (stealth).
 16802 | Lair:5   | 16802 ||| Stepping ~*~*~tactically~*~*~ (stealth).
 16808 | Lair:5   | 16808 ||| Stepping ~*~*~tactically~*~*~ (stealth).
 16810 | Lair:5   | 16810 ||| Stepping ~*~*~tactically~*~*~ (stealth).
 16811 | Lair:5   | 16811 ||| Stepping ~*~*~tactically~*~*~ (stealth).
 16874 | Lair:5   | 16874 ||| Stepping ~*~*~tactically~*~*~ (stealth).
 16876 | Lair:5   | 16876 ||| Stepping ~*~*~tactically~*~*~ (stealth).
 16877 | Lair:5   | 16877 ||| Stepping ~*~*~tactically~*~*~ (stealth).
 16880 | Lair:5   | 16880 ||| Stepping ~*~*~tactically~*~*~ (hiding).
 16881 | Lair:5   | 16881 ||| Stepping ~*~*~tactically~*~*~ (hiding).
 16882 | Lair:5   | 16882 ||| Stepping ~*~*~tactically~*~*~ (hiding).
 16883 | Lair:5   | 16883 ||| INVOKING Heroism.
 16884 | Lair:5   | 16884 ||| INVOKING Finesse.
 16915 | Lair:5   | 16915 ||| Stepping ~*~*~tactically~*~*~ (stealth).
 16916 | Lair:5   | 16916 ||| Stepping ~*~*~tactically~*~*~ (stealth).
 16918 | Lair:5   | 16918 ||| Stepping ~*~*~tactically~*~*~ (stealth).
 16919 | Lair:5   | 16919 ||| Stepping ~*~*~tactically~*~*~ (stealth).
 16920 | Lair:5   | 16920 ||| Stepping ~*~*~tactically~*~*~ (stealth).
 16921 | Lair:5   | 16921 ||| Stepping ~*~*~tactically~*~*~ (stealth).
 16932 | Lair:5   | 16932 ||| Stepping ~*~*~tactically~*~*~ (hiding).
 16983 | Lair:5   | 16983 ||| READING scroll of enchant armour.
 16983 | Lair:5   | 16983 ||| ENCHANTING +0 pair of boots.
 17099 | Lair:5   | Found a runed translucent gate.
 17100 | Lair:5   | Found a runed translucent gate.
 17100 | Lair:5   | Found a runed translucent gate.
 17136 | Lair:5   | 17136 ||| INVOKING Heroism.
 17137 | Lair:5   | 17137 ||| INVOKING Finesse.
 17342 | Lair:5   | Noticed qw's ghost (journeyman MiHu)
 17451 | Lair:5   | 17451 ||| DROPPING +1 chain mail of poison resistance.
 17452 | Lair:5   | 17452 ||| PLANNING D
 17452 | Lair:5   | 17452 ||| READING 11 scrolls of identify.
 17452 | Lair:5   | 17452 ||| IDENTIFYING bubbling green potion
 17640 | D:12     | 17640 ||| INVOKING Heroism.
 17661 | D:12     | Reached skill level 16 in Axes
 17757 | D:12     | 17757 ||| Stepping ~*~*~tactically~*~*~ (stealth).
 17761 | D:12     | 17761 ||| INVOKING Heroism.
 17835 | D:12     | 17835 ||| Stepping ~*~*~tactically~*~*~ (hiding).
 17836 | D:12     | 17836 ||| Stepping ~*~*~tactically~*~*~ (hiding).
 17838 | D:12     | 17838 ||| Stepping ~*~*~tactically~*~*~ (hiding).
 17839 | D:12     | 17839 ||| Stepping ~*~*~tactically~*~*~ (hiding).
 17845 | D:12     | 17845 ||| FLEEEEING.
 18042 | D:12     | Identified the +8 flail of Jaej {venom, Str+3}
 18044 | D:12     | 18044 ||| DROPPING +8 flail of Jaej {venom, Str+3}.
 18345 | D:12     | Found a staircase to the Orcish Mines.
 18389 | D:12     | Received a gift from Okawaru
 18837 | D:13     | Found a portal to a secret trove of treasure.
 18990 | D:13     | 18990 ||| INVOKING Heroism.
 19005 | D:13     | Reached XP level 15. HP: 82/96 MP: 22/22
 19042 | D:13     | Found a gate to the Vaults.
 19554 | D:14     | 19554 ||| INVOKING Heroism.
 19569 | D:14     | HP: 21/96 [mirror damage (12)]
 19570 | D:14     | 19570 ||| READING 4 scrolls of teleportation.
 19570 | D:14     | HP: 2/96 [death knight/+4 morningstar of protection (20)]
 19570 | D:14     | Slain by a skeletal warrior

Levels and vault maps discovered:
D:1:      eino_arrival_cavern_b, layout_basic, nicolae_ecumenical_lake_church,
          nrook_mini_vaults
D:2:      layout_rooms
D:3:      layout_rooms, zin_angel, mainiacjoe_overflow_24_doors,
          minmay_starry_boxes
D:4:      layout_rooms, mainiacjoe_overflow_six_doors_small, serial_shops, shop,
          nicolae_shop_statue_plus, kennysheep_generic_room_3,
          uniq_crazy_yiuf_cottage
D:5:      layout_layer_cave, mainiacjoe_overflow_brackets, minmay_pentangle
D:6:      layout_basic, grunt_temple_overflow_open, hangedman_decor_lopped
D:7:      layout_basic, minmay_temple_entry_fiery, uniq_pikel, uniq_joseph
D:8:      layout_basic, cheibriados_altar_1
D:9:      layout_loops_ring, mainiacjoe_overflow_small_starburst,
          pf_just_have_faith, mainiacjoe_overflow_tiny_flanked,
          mrwooster_statue_mirror, uniq_psyche, uniq_maurice, uniq_erolcha
D:10:     layout_roguey, kennysheep_little_box, serial_shops, shop, shop,
          uniq_sonja
D:11:     layout_long_grid, due_lair_maze_entry_diamond,
          yredelemnul_forgotten_temple_becter
D:12:     layout_gridville, orc_0_dummy
D:13:     layout_basic, david_vaults_2, nicolae_trove_entry_diagonal,
          chequers_mini_garden, kennysheep_cross_room
D:14:     layout_rooms, nicolae_qazlal_eye_of_the_storm
Lair:1:   layout_cave_pods, portal_ice_cave_rime, minivault_19
Lair:2:   layout_hall_layers, lemuel_fruit_tree
Lair:3:   layout_regular_city, nicolae_swamp_entry_splash_gauntlet,
          guppyfry_snake_entry_garden, uniq_nergalle
Lair:4:   layout_regular_city, minmay_slime_entry_jelly_boxes, uniq_josephine
Lair:5:   gammafunk_lair_ancient_temple, layout_loops_ring, gammafunk_ghost_icy

Skill      XL: |  1  2  3  4  5  6  7  8  9 10 11 12 13 14 |
---------------+-------------------------------------------+-----
Axes           | 2 3 4 5 6 7 8 9 11 12 13 14 16 | 16.8
Fighting       | 4 5 6 7 8 9 10 11 12 | 12.0
Dodging        | 2 3 4 |  4.1
Armour         | 4 5 8 9 10 | 10.0
Shields        | 5 6 7 8 |  8.0
Invocations    | 4 6 10 | 10.0
Throwing       | 1 2 4 5 |  5.2

Action                     |  1- 3 |  4- 6 |  7- 9 | 10-12 | 13-15 || total
---------------------------+-------+-------+-------+-------+-------++-------
  Melee: War axe           |    96 |   171 |   301 |   455 |       ||  1023
         Broad axe         |       |       |       |   208 |   715 ||   923
  Throw: Boomerang         |       |       |       |    36 |   114 ||   150
         Javelin           |       |       |       |     6 |    24 ||    30
 Invoke: Heroism           |       |       |     8 |    26 |    16 ||    50
         Finesse           |       |       |       |     1 |     4 ||     5
    Use: Scroll            |     3 |     9 |     3 |     8 |     7 ||    30
         Potion            |       |     2 |     2 |       |     1 ||     5
 Armour: Scale mail        |    47 |     9 |       |       |       ||    56
         Chain mail        |       |    72 |   118 |    13 |       ||   203
         Plate armour      |       |       |       |   439 |    22 ||   461
         Fire dragon scale |       |       |       |       |   235 ||   235
  Dodge: Dodged            |    36 |    88 |   156 |   416 |   399 ||  1095
  Block: Buckler           |    11 |    29 |    69 |   166 |   164 ||   439

Table legend:
 A = Non-vault XP
 B = Vault XP
 C = Vault XP percentage of total XP
 D = Non-vault monster count
 E = Vault monster count
 F = Vault count percentage of total count
                 A         B        C        D         E       F
            +---------+---------+-------+---------+---------+-------
      Total |   70042 |   20850 |  22.9 |     423 |      75 |  15.1
            +---------+---------+-------+---------+---------+-------
        D:1 |      30 |       0 |   0.0 |      18 |       0 |   0.0
        D:2 |      80 |       0 |   0.0 |      22 |       0 |   0.0
        D:3 |      48 |       3 |   5.9 |      17 |       2 |  10.5
        D:4 |     116 |       0 |   0.0 |      12 |       0 |   0.0
        D:5 |     570 |     437 |  43.4 |      24 |      12 |  33.3
        D:6 |     995 |       0 |   0.0 |      18 |       0 |   0.0
        D:7 |    1135 |    1107 |  49.4 |      17 |       2 |  10.5
        D:8 |     780 |       0 |   0.0 |      15 |       0 |   0.0
        D:9 |    2777 |    1672 |  37.6 |      32 |       3 |   8.6
       D:10 |    4123 |     785 |  16.0 |      29 |       1 |   3.3
       D:11 |    4904 |    1652 |  25.2 |      29 |      10 |  25.6
       D:12 |    5532 |       0 |   0.0 |      21 |       0 |   0.0
       D:13 |    4764 |    2507 |  34.5 |      16 |       3 |  15.8
       D:14 |    2855 |       0 |   0.0 |       4 |       0 |   0.0
     Lair:1 |    7980 |     754 |   8.6 |      28 |       2 |   6.7
     Lair:2 |    4321 |       0 |   0.0 |      20 |       0 |   0.0
     Lair:3 |    5079 |    2628 |  34.1 |      18 |       7 |  28.0
     Lair:4 |   13412 |    2097 |  13.5 |      41 |      17 |  29.3
     Lair:5 |   10541 |    7208 |  40.6 |      42 |      16 |  27.6
            +---------+---------+-------+---------+---------+-------
